 Dungeon Crawl Stone Soup version 0.29.1-15-g9cfb28693d (webtiles) character file.

Game seed: 7215256919147817359

214 croobank the Sneak (level 5, -2/37 HPs)
             Began as an Octopode Delver on Feb 27, 2023.
             Slain by a gnoll
             ... wielding a +0 spear
             ... led by a gnoll bouda
              (7 damage)
             ... on level 4 of the Dungeon.
             The game lasted 00:06:40 (3568 turns).

croobank the Sneak (Octopode Delver)                Turns: 3568, Time: 00:06:41

Health: -2/37      AC:  1    Str: 15    XL:     5   Next: 91%
Magic:  5/5        EV: 14    Int: 18    God:
Gold:   190        SH:  0    Dex: 14    Spells: 4/4 levels left

rFire   . . .      SeeInvis +   p - +4 morningstar "Wegh" {elec, Str+4 Int+4 SInv}
rCold   . . .      Faith    .   (no shield)
rNeg    . . .      Spirit   .   (helmet restricted)
rPois   .          Reflect  .   (no amulet)
rElec   .          Harm     .   (no ring)
rCorr   .          Rampage  .   (no ring)
Will    .....                   (no ring)
Stlth   +++++.....              (no ring)
HPRegen 0.12/turn               (no ring)
MPRegen 0.09/turn               (no ring)
                                (no ring)
                                (no ring)

@: lethally poisoned (-2 -> -23), weakened
A: almost no armour, amphibious, 8 rings, camouflage 1, gelatinous body 1,
(nimble swimmer 1), tentacles
a: no special abilities


You were on level 4 of the Dungeon.
You visited 1 branch of the dungeon, and saw 6 of its levels.

You collected 190 gold pieces.

Inventory:

Hand Weapons
 a - a +0 hand axe
 p - the +4 morningstar "Wegh" (weapon) {elec, Str+4 Int+4 SInv}
   (You found it on level 4 of the Dungeon)

   It occasionally discharges a powerful burst of electricity upon striking a
   foe.
   Str:       It affects your strength (+4).
   Int:       It affects your intelligence (+4).
   SInv:      It lets you see invisible.
 y - a +0 short sword of electrocution
Missiles
 n - 4 atropa-tipped darts (quivered)
 u - 5 javelins
Jewellery
 j - an amulet of regeneration
Scrolls
 b - a scroll of fog
 d - 4 scrolls of fear
 g - 3 scrolls of identify {unknown}
 h - 3 scrolls of teleportation {unknown}
 k - 2 scrolls of amnesia {unknown}
 r - a scroll of torment {unknown}
 t - a scroll of blinking {unknown}
 w - 4 scrolls of poison {unknown}
Potions
 c - a potion of heal wounds {unknown}
 e - a potion of haste
 f - a potion of invisibility {unknown}
 i - 2 potions of lignification {unknown}
 l - 2 potions of curing {unknown}
 m - a potion of resistance {unknown}
 o - a potion of flight {unknown}
 q - 2 potions of magic {unknown}
 s - a potion of brilliance {unknown}
 v - a potion of ambrosia {unknown}
 x - a potion of degeneration {unknown}
 z - 2 potions of might {unknown}
 A - a potion of attraction {unknown}


   Skills:
 - Level 3.7 Fighting
 - Level 3.0(3.6) Axes
 + Level 2.9(3.5) Maces & Flails
 - Level 3.0 Dodging
 - Level 7.4 Stealth


You had 4 spell levels left.
You didn't know any spells.
Your spell library was empty.

Dungeon Overview and Level Annotations

Branches:
Dungeon (6/15)
 Temple: D:4-7

Altars:
Uskayaw
Yredelemnul

Annotations:
D:2 1 runed translucent door, Crazy Yiuf


Innate Abilities, Weirdness & Mutations

You cannot wear most types of armour.
You are amphibious.
You can wear up to eight rings at the same time.
Your skin changes colour to match your surroundings (Stealth+).
Your rubbery body absorbs attacks. (AC +1, EV +1)
((You are camouflaged when in or above water. (Stealth+)))
You have tentacles for arms and can constrict up to eight enemies at once.


Message History

You hit the giant cockroach.
You kill the giant cockroach!
No target in view!
Found a long sword.
You see here a +0 long sword.
g - 3 scrolls labelled ZULAQE FEMAFF (gained 1)
A gnoll comes into view. It is wielding a +0 spear.
A giant cockroach comes into view.
Found an orange potion.
The gnoll shouts!
The gnoll barely misses you.
The gnoll bouda shouts!
The gnoll shouts!
You puncture the endoplasm!
You kill the endoplasm!
You hear an angry hiss.
The gnoll hits you with a +2 whip of venom!
The gnoll closely misses you.
The gnoll bouda gazes fiercely through you!
You feel your attacks grow feeble.
An iguana comes into view.
The gnoll hits you with a +2 whip of venom.
You are poisoned.
The gnoll closely misses you.
You puncture the gnoll bouda! Your grab misses the gnoll bouda.
The gnoll bouda is heavily wounded.
You feel very sick. The gnoll closely misses you.
The gnoll hits you from afar with a +0 spear.
The gnoll bouda gazes fiercely through you!
You feel as though you will be weak longer.
The gnoll bouda hits you with a +0 club.
You puncture the gnoll bouda!
Lightning courses through the gnoll bouda!
You kill the gnoll bouda!
You feel sick.
The gnoll hits you with a +2 whip of venom!
* * * LOW HITPOINT WARNING * * *
You are more poisoned.
The gnoll hits you from afar with a +0 spear!
You die...

#.# #..#.#....######.
#)# #.#.#....# #. #.#
###l..#....# #.
###.#### #.....#.####
#. #......#
#.#$..#...# #......#.
#B#...#..## #......#.
# #.#..g..>#
#......#.
#.#.#g).#.##
###+####.##.#.#@###.#
... !..#.# #..
.#####.###.#.# ####
.............#
#####..######
#.####### #..#
#.##<.... #..#
#.####### #..# #.#
#..# #.#


You could see an iguana and 2 gnolls.

Vanquished Creatures
  An orc priest (D:5)
  2 hounds
  A gnoll bouda (D:4)
  A gnoll (D:4)
  5 adders
  2 worms (D:2)
  3 dart slugs
  7 endoplasms
  4 giant cockroaches
  5 goblins
  10 hobgoblins
  2 kobolds (D:1)
  A quokka (D:1)
  3 ball pythons
  10 bats
  3 frilled lizards
  5 rats
65 creatures vanquished.

Notes
Turn   | Place    | Note
-------+----------+-------------------------------------------
     0 | D:5      | croobank the Octopode Delver began the quest for the Orb.
     0 | D:5      | Reached XP level 1. HP: 16/16 MP: 1/1
     1 | D:5      | Noticed an orc wizard
    14 | D:6      | Reached XP level 2. HP: 15/21 MP: 2/2
   107 | D:6      | Noticed an ice beast
   128 | D:6      | Reached skill level 7 in Stealth
   128 | D:6      | Reached XP level 3. HP: 20/26 MP: 3/3
   248 | D:5      | Noticed a scorpion
   255 | D:5      | Reached XP level 4. HP: 16/31 MP: 4/4
   433 | D:4      | Noticed a phantom
   611 | D:4      | Noticed a centaur
   984 | D:4      | Found a basalt altar of Yredelemnul.
   996 | D:4      | Identified the +4 morningstar "Wegh" {elec, Str+4 Int+4
                  | SInv}
  1021 | D:3      | Reached XP level 5. HP: 37/37 MP: 5/5
  1057 | D:3      | Found a hide-covered altar of Uskayaw.
  1386 | D:2      | Reached skill level 1 in Maces & Flails
  2034 | D:2      | Found a runed translucent door.
  2035 | D:2      | Noticed Crazy Yiuf
  2341 | D:1      | Noticed a golden eye
  2350 | D:1      | Found a faded altar of an unknown god.
  2359 | D:1      | Noticed an eye of devastation
  2359 | D:1      | Noticed a shining eye
  2359 | D:1      | Noticed a floating eye
  3568 | D:4      | Slain by a gnoll

Illustrated notes

Levels and vault maps discovered:
D:1:      giann_forest_graveyard, layout_basic,
          hellmonk_ecumenical_altar_watching_god
D:2:      layout_loops_cross, st_stairs_9, uniq_crazy_yiuf_cottage
D:3:      layout_basic, old_standard_altar
D:4:      layout_basic, yredelemnul_altar_generic, nicolae_overflow_squiral,
          serial_shops, shop, uniq_sigmund
D:5:      layout_rooms, nicolae_ossuary_entry_monument
D:6:      layout_basic, mainiacjoe_overflow_boulevard,
          minmay_misc_feat_diagonals

Skill      XL: |  1  2  3  4  5 |
---------------+----------------+-----
Stealth        | 7 |  7.4
Axes           | 3 |  3.0
Dodging        | 3 |  3.0
Maces & Flails | 2 |  2.9
Fighting       | |  3.7

Action                   |  1- 3 |  4- 6 || total
-------------------------+-------+-------++-------
Melee: Hand axe          |    11 |    24 ||    35
       Constrict         |     3 |    21 ||    24
       Tentacles         |     2 |    15 ||    17
       Morningstar       |       |    72 ||    72
       Punch             |       |     1 ||     1
Evoke: Wand              |     3 |       ||     3
  Use: Scroll            |     2 |       ||     2
 Stab: Sleeping          |     1 |    26 ||    27
Armor: Skin              |       |     6 ||     6
Dodge: Dodged            |     4 |    68 ||    72
